Map: Vaani Research Station (Void)

Players

Musumeci - Winner!

  • Race: Zerg Zerg
  • League: Diamond
  • Spawn Location: 6:00

MichyMoko

  • Race: Zerg Zerg
  • Spawn Location: 12:00

VOD

Have the link to the VOD?

Description

Time

  • Played on: Jan. 1, 2017, 3:48 p.m.
  • Length: 22:19
Show
View Real Time Build Order
Export as new Build Order

Musumeci Zerg - Winner!

Build Orders: Hatch First 

Get SALT Encoding   

  12  0:01  Drone  
  13  0:10  Drone  
  14  0:17  Overlord  
  14  0:26  Drone, Extractor  
  15  0:35  Drone  
  15  0:36  Drone  
  17  0:55  Hatchery  
  16  1:01  Drone, Extractor  
  16  1:05  Drone  
  17  1:26  Spawning Pool  
  17  1:32  Evolution Chamber  
  15  1:33  Drone  
  15  1:34  Drone  
  15  1:38  Drone  
  18  1:47  Hatchery  
  18  1:59  Evolution Chamber  
  18  2:02  Drone x2  
  20  2:12  Queen  
  20  2:13  Metabolic Boost  
  22  2:21  Evolution Chamber  
  22  2:32  Overlord  
  22  2:40  Evolution Chamber  
  22  2:52  Queen  
  24  3:00  Drone  
  24  3:01  Queen  
  24  3:05  Baneling Nest, Zergling x6  
  29  3:20  Zergling x4  
  31  3:30  Roach Warren  
  30  3:36  Zergling x10  
  30  4:18  Baneling x3  
  30  4:19  Baneling  
  26  4:46  Overlord x4  
  26  4:56  Roach  
  26  4:57  Overlord  
  27  5:06  Roach x3  
  33  5:10  Roach  
  35  5:19  Roach x2  
  39  5:22  Hatchery  
  39  5:23  Ravager  
  39  5:27  Ravager  
  40  5:28  Overlord  
  40  5:30  Drone  
  40  5:33  Extractor  
  40  5:35  Drone x2  
  42  5:47  Evolution Chamber  
  42  5:48  Drone x2  
  38  6:04  Roach x3  
  36  6:14  Roach x2  
  38  6:28  Roach  
  38  6:29  Roach x2  
  38  6:31  Ravager  
  45  6:33  Drone  
  46  6:41  Drone x2  
  46  6:43  Drone  
  49  6:52  Ravager  
  42  7:08  Roach  
  42  7:09  Roach x4  
  43  7:21  Roach  
  43  7:22  Roach x2  
  47  7:39  Roach  
  47  7:40  Roach x3  
  55  7:49  Drone  
  55  7:50  Drone x4  
  60  7:55  Roach  
  60  8:01  Drone  
  60  8:02  Drone x3, Extractor  
  63  8:06  Extractor  
  63  8:11  Ravager  
  64  8:13  Ravager  
  64  8:16  Ravager  
  64  8:24  Ravager  
  65  8:36  Queen  
  65  8:39  Drone  
  65  8:40  Drone x3  
  71  8:42  Drone  
  71  8:43  Drone x5  
  71  8:45  Drone x2  
  71  8:46  Drone  
  71  8:47  Drone  
  81  8:48  Drone  
  81  8:53  Overlord  
  82  9:31  Overlord  
  82  9:32  Overlord x4  
  82  9:35  Queen, Extractor x2  
  82  9:40  Lair  
  82  9:51  Drone x6  
  82  9:52  Drone x2  
  90  9:59  Ravager x8  
  98  10:00  Ravager  
  98  10:02  Roach  
  101  10:09  Drone  
  101  10:10  Drone  
  101  10:13  Zerg Missile Weapons Level 1  
  103  10:18  Roach x3  
  103  10:19  Roach x3  
  115  10:42  Overlord  
  115  10:43  Overlord x4  
  115  10:46  Drone  
  115  10:47  Drone x4  
  115  10:48  Drone  
  121  10:54  Glial Reconstitution  
  121  11:03  Roach x9  
  121  11:04  Roach x2  
  143  11:25  Roach x4  
  151  11:27  Ravager x8  
  151  11:30  Hatchery  
  158  11:41  Zergling x2  
  159  11:56  Evolution Chamber  
  159  12:00  Roach  
  159  12:01  Roach  
  162  12:02  Overlord x8  
  162  12:07  Infestation Pit, Zerg Ground Armor Level 1  
  145  12:30  Roach x13  
  169  12:38  Zerg Missile Weapons Level 2  
  169  12:44  Ravager x5  
  173  12:48  Roach x4  
  182  12:52  Extractor  
  182  12:54  Extractor  
  182  12:55  Roach  
  182  12:56  Roach x4  
  186  14:02  Ravager x3  
  189  14:03  Ravager x5  
  194  14:10  Pathogen Glands  
  181  14:31  Overseer x2  
  164  15:12  Infestor x7  
  178  15:20  Burrow  
  172  15:47  Roach x7  
  180  16:19  Ravager x10  
  131  17:26  Roach x7  
  131  17:27  Roach x7  
  126  17:51  Roach x23  
  151  18:09  Ravager x10  
  151  18:10  Roach x5  
  171  18:17  Overseer x3  
  171  18:24  Hydralisk Den  
  169  18:29  Roach  
  169  18:30  Roach x4  
  169  18:31  Ravager  
  169  18:32  Ravager x10  
  190  19:07  Zerg Ground Armor Level 2  
  190  19:08  Lurker Den  
  190  19:11  Overlord  
  190  19:12  Overlord  
  136  19:56  Hydralisk x9  
  154  20:16  Extractor  
  154  20:17  Hatchery  
  154  20:20  Extractor  
  151  20:38  Muscular Augments  
  151  20:40  Lurker  
  151  20:41  Lurker x8  
  160  20:44  Zergling x4  
  160  20:45  Zergling x8  
Show
View Real Time Build Order
Export as new Build Order

MichyMoko Zerg 

Build Orders: Hatch First 

Get SALT Encoding   

  12  0:02  Drone  
  13  0:13  Overlord  
  13  0:18  Drone  
  14  0:31  Drone x2  
  16  0:46  Drone  
  17  0:56  Hatchery  
  16  0:58  Drone  
  17  1:13  Spawning Pool  
  16  1:25  Drone x2, Extractor  
  17  1:26  Drone  
  18  1:57  Drone x2  
  20  2:11  Queen  
  20  2:13  Queen, Drone x2  
  26  2:28  Zergling x4  
  28  2:32  Overlord x2  
  28  2:52  Roach Warren  
  27  3:01  Drone x5  
  31  3:24  Drone x5  
  36  3:30  Metabolic Boost  
  36  3:37  Drone x2  
  38  3:50  Roach x2  
  40  4:01  Zergling x8  
  36  4:27  Drone  
  36  4:28  Drone x4  
  33  5:08  Zergling x2  
  33  5:09  Zergling x16  
  33  5:11  Lair  
  42  5:16  Queen  
  44  5:22  Overlord x2  
  44  5:34  Overlord  
  46  5:43  Roach x5  
  53  5:55  Roach  
  53  5:56  Roach  
  49  6:16  Zergling x16  
  53  6:33  Drone x7  
  60  6:40  Extractor  
  60  6:45  Drone x2  
  60  6:46  Extractor  
  53  7:23  Zergling x2  
  53  7:24  Zergling x14  
  56  7:49  Glial Reconstitution  
  56  7:56  Overseer  
  56  7:57  Hydralisk Den  
  55  7:59  Drone x3  
  55  8:00  Drone  
  55  8:01  Drone x8  
  67  8:16  Overlord x2  
  67  8:27  Hatchery  
  66  8:38  Roach x9  
  84  8:46  Extractor  
  83  9:01  Overlord x3  
  83  9:03  Extractor  
  83  9:09  Evolution Chamber  
  81  9:10  Evolution Chamber  
  80  9:20  Roach  
  80  9:21  Roach x5  
  92  9:26  Ravager x5  
  97  9:32  Drone x3  
  97  9:34  Overlord x3  
  100  9:43  Roach x3  
  106  9:49  Zerg Missile Weapons Level 1  
  106  9:57  Drone x9  
  115  10:04  Extractor  
  115  10:05  Hydralisk x2  
  118  10:09  Zerg Ground Armor Level 1  
  118  10:20  Hydralisk x4  
  126  10:22  Drone  
  126  10:23  Drone  
  126  10:26  Overlord  
  128  10:34  Drone x2  
  130  10:36  Overlord  
  130  10:38  Overlord  
  130  11:01  Roach x4  
  130  11:02  Roach x2  
  142  11:04  Ravager x2  
  142  11:05  Hatchery, Ravager x4  
  147  11:16  Drone  
  147  11:17  Drone x3  
  151  11:20  Hydralisk  
  151  11:22  Overlord x2  
  153  11:40  Hydralisk x6  
  153  11:43  Hydralisk  
  153  11:44  Hydralisk  
  165  12:21  Hydralisk  
  165  12:22  Hydralisk x6  
  176  12:29  Queen  
  172  12:36  Hydralisk  
  172  12:39  Overlord x3  
  172  12:40  Overlord  
  174  12:54  Hydralisk  
  174  12:55  Extractor  
  174  12:57  Hydralisk x9  
  174  12:58  Hydralisk, Extractor  
  193  13:03  Zerg Missile Weapons Level 2  
  194  13:12  Drone x3  
  197  13:13  Overlord  
  169  13:37  Hydralisk  
  169  13:38  Hatchery, Hydralisk x4  
  178  14:07  Roach x10  
  198  14:10  Ravager  
  198  14:16  Infestation Pit, Muscular Augments  
  198  14:17  Zerg Ground Armor Level 2  
  178  14:46  Hydralisk  
  178  14:47  Hydralisk x7  
  180  15:06  Roach  
  186  15:07  Roach x6  
  186  15:10  Ravager  
  187  15:16  Queen  
  189  15:26  Hive  
  189  15:31  Drone  
  174  15:49  Roach x3  
  198  15:50  Roach x9  
  198  15:52  Unknown x3  
  198  15:53  Unknown  
  192  16:07  Ravager  
  192  16:08  Ravager x7  
  200  16:19  Spire  
  153  17:11  Hydralisk  
  153  17:12  Hydralisk x19  
  164  17:20  Hydralisk  
  164  17:21  Hydralisk x2  
  119  17:36  Zergling x10  
  119  17:37  Zergling x10  
  97  18:01  Overseer  
  97  18:02  Overseer  
  90  18:14  Drone x2  
  90  18:15  Drone x7  
  99  18:32  Queen  
  101  18:39  Roach x9  
  101  18:40  Roach  
  117  18:49  Hydralisk  
  117  18:50  Hydralisk  
  117  18:54  Hydralisk x2  
  123  19:02  Ravager x2  
  126  19:03  Ravager  
  126  19:04  Hydralisk x2  
  130  19:12  Hydralisk  
  130  19:13  Hydralisk x2  
  135  19:26  Hydralisk  
  135  19:27  Hydralisk x2  
  119  19:41  Hydralisk x4  
  102  19:48  Hydralisk  
  102  19:49  Hydralisk  
  78  19:54  Zergling x2  
  78  19:55  Zergling x4  
  81  20:13  Hydralisk  
  81  20:14  Hydralisk  
  85  20:33  Unknown x6  
  85  20:43  Hatchery  
  84  20:51  Hydralisk x8  
  98  21:09  Zergling x8  
  98  21:10  Zergling x10  
  98  21:26  Hydralisk  
  98  21:27  Hydralisk x4  
  89  21:54  Hydralisk  
  79  22:03  Hatchery  
Tags
 
Add a new tag
Caveats
  • Supply blocks, unpowered buildings, or Contaminate may cause inaccurate times.
  • Supply counts are checked every 10 seconds.